Get step-by-step instructions on how to execute this build order below. Start the game timer, and the build order will tick by so you can play in parallel with StarCraft on a second screen or mobile device.

Game Time

  0:00

Last Step

  N/A

Next Step

Upcoming Step



Don't want to look back and forth between 2 screens? Try out our Overwolf App, the Spawning Tool Build Advisor to get an in-game overlay with this build!

Complete Build Order

  12  0:00  Probe  
  13  0:12  Probe  
  14  0:17  Pylon  
  14  0:24  Probe (Chrono Boost)  
  16  0:36  Gateway, Probe (Chrono Boost)  
  16  0:43  Probe (Chrono Boost)  
  16  0:45  Assimilator  
  17  0:51  Probe  
  18  1:03  Probe  
  19  1:15  Probe  
  20  1:20  Nexus  
  20  1:30  Cybernetics Core  
  20  1:33  Probe  
  20  1:38  Assimilator  
  21  1:45  Probe  
  22  1:48  Pylon  
  22  1:57  Probe (Chrono Boost)  
  23  2:06  Sentry (Chrono Boost)  
  23  2:07  Warp Gate  
  25  2:10  Shield Battery, Probe (Chrono Boost)  
  26  2:18  Probe (Chrono Boost)  
  26  2:20  Stalker (Chrono Boost)  
  29  2:24  Probe  
  29  2:29  Phoenix  
  30  2:33  Probe  
  30  2:36  Probe  
  32  2:38  Gateway  
  32  2:45  Probe (Chrono Boost)  
  32  2:50  Stalker  
  36  2:53  Probe (Chrono Boost)  
  37  2:59  Probe (Chrono Boost)  
  37  3:03  Probe x2 (Chrono Boost)  
  37  3:05  Robotics Facility  
  39  3:13  Probe  
  39  3:14  Pylon, Probe  
  41  3:25  Probe  
  41  3:26  Probe  
  42  3:30  Pylon  
  42  3:37  Probe  
  42  3:38  Probe  
  44  3:47  Nexus  
  44  3:49  Probe  
  44  3:50  Probe  
  44  3:52  Observer (Chrono Boost)  
  44  3:53  Pylon  
  47  3:55  Sentry  
  47  3:56  Adept  
  47  3:59  Assimilator  
  47  4:01  Probe  
  53  4:02  Probe  
  53  4:06  Immortal (Chrono Boost)  
  57  4:13  Probe  
  57  4:15  Probe  
  57  4:16  Assimilator  
  59  4:17  Adept  
  59  4:21  Adept  
  59  4:23  Phoenix  
  63  4:25  Probe  
  63  4:26  Pylon  
  63  4:27  Probe  
  65  4:33  Observer, Shield Battery  
  65  4:35  Pylon  
  65  4:37  Probe  
  66  4:39  Probe  
  67  4:46  Robotics Bay  
  67  4:49  Probe  
  67  4:52  Adept x2  
  72  4:56  Immortal (Chrono Boost)  
  76  5:03  Probe x2  
  78  5:08  Probe  
  78  5:12  Observer  
  79  5:15  Probe  
  79  5:16  Probe  
  79  5:17  Adept x2  
  79  5:20  Probe  
  86  5:25  Observer (Chrono Boost)  
  86  5:27  Probe  
  88  5:28  Probe  
  88  5:30  Observer  
  88  5:32  Probe, Forge  
  90  5:36  Nexus  
  90  5:39  Probe  
  90  5:41  Sentry, Probe  
  94  5:46  Colossus (Chrono Boost)  
  94  5:49  Pylon  
  100  5:51  Probe  
  101  6:00  Protoss Ground Weapons Level 1 (Chrono Boost)  
  101  6:07  Probe x3  
  101  6:08  Photon Cannon  
  101  6:09  Stalker x2  
  108  6:13  Twilight Council  
  108  6:15  Gateway  
  108  6:19  Probe  
  108  6:21  Probe  
  109  6:32  Extended Thermal Lance  
  109  6:40  Resonating Glaives  
  109  6:42  Photon Cannon  
  109  6:43  Observer  
  109  6:44  Observer  
  109  6:46  Gateway x2  
  109  6:47  Probe x4, Colossus (Chrono Boost)  
  109  6:48  Pylon  
  109  6:50  Adept  
  109  6:52  Adept  
  123  6:59  Shield Battery  
  123  7:00  Probe  
  124  7:01  Assimilator  
  124  7:03  Assimilator  
  124  7:12  Gateway  
  124  7:16  Pylon  
  124  7:18  Pylon, Photon Cannon, Adept x3  
  121  7:38  Pylon x3  
  121  7:39  Pylon  
  121  7:40  Protoss Ground Weapons Level 2 (Chrono Boost)  
  121  7:41  Adept x2  
  121  7:49  Disruptor (Chrono Boost)  
  115  7:52  Adept x3  
  115  7:56  Pylon  
  115  7:57  Pylon  
  125  8:02  Robotics Facility  
  123  8:07  Adept x3  
  129  8:22  Observer  
  129  8:24  Disruptor  
  129  8:26  Adept x3  
  139  8:28  Pylon  
  139  8:29  Adept x3  
  145  8:44  Observer  
  144  8:49  Adept x6  
  144  8:51  Disruptor  
  144  8:54  Nexus  
  151  9:03  Disruptor  
  155  9:10  Pylon x2  
  149  9:20  Adept x3  
  149  9:21  Adept x3  
  153  9:30  Blink (Chrono Boost)  
  140  9:35  Pylon  
  140  9:37  Observer  
  139  9:43  Stalker x6  
  147  9:55  Probe  
  147  9:56  Probe x2  
  133  10:07  Probe  
  133  10:08  Probe, Adept x6  
  102  10:30  Probe (Chrono Boost)  
  102  10:32  Probe (Chrono Boost)  
  102  10:33  Protoss Ground Armor Level 1 (Chrono Boost)  
  100  10:36  Observer, Probe x2 (Chrono Boost)  
  100  10:42  Probe (Chrono Boost)  
  104  10:44  Probe (Chrono Boost)  
  104  10:47  Probe x2 (Chrono Boost)  
  104  10:48  Templar Archives  
  104  10:49  Observer, Probe x2 (Chrono Boost)  
  107  10:51  Probe x2 (Chrono Boost)  
  107  10:54  Disruptor x2  
  107  10:56  Probe  
  118  10:58  Probe  
  118  10:59  Observer  
  118  11:02  Probe x2  
  122  11:08  Probe  
  122  11:10  Probe  
  124  11:12  Psionic Storm  
  124  11:14  Probe x2  
  124  11:16  Observer  
  126  11:20  Probe  
  126  11:21  Sentry  
  126  11:22  Probe, Adept x5  
  140  11:26  Probe  
  140  11:30  Gateway  
  140  11:32  Gateway  
  141  11:33  Gateway  
  141  11:34  Gateway  
  141  11:41  Charge (Chrono Boost)  
  141  11:42  Assimilator  
  141  11:43  Assimilator  
  141  11:46  High Templar x2, Shield Battery  
  145  11:52  Zealot x4  
  153  12:02  Disruptor  
  157  12:14  High Templar, Stalker, Forge  
  159  12:17  Zealot x2  
  159  12:19  Zealot x2  
  159  12:20  Pylon  
  167  12:25  Nexus  
  167  12:33  Nexus  
  167  12:40  Photon Cannon  
  167  12:41  Shield Battery  
  167  12:45  Zealot x5  
  167  12:46  Zealot x2  
  167  12:48  Protoss Ground Armor Level 2 (Chrono Boost)  
  177  13:00  Stalker x3  
  179  13:18  Stalker x7  
  193  13:31  Zealot x2  
  193  13:32  Zealot  
  173  13:42  Stalker x5  
  159  14:03  Zealot x2  
  159  14:04  Zealot x3  
  165  14:11  Zealot x5  
  165  14:27  Stalker x5  
  143  14:38  Probe x4  
  145  14:42  Disruptor (Chrono Boost)  
  145  14:43  Nexus  
  145  14:45  High Templar x5  
  151  14:50  Probe x2  
  161  14:57  Observer (Chrono Boost)  
  161  14:59  Probe x2  
  163  15:09  Observer (Chrono Boost)  
  163  15:10  Archon  
  163  15:11  High Templar x2  
  168  15:14  Probe x3  
  168  15:15  Probe  
  168  15:19  Assimilator  
  168  15:20  Disruptor (Chrono Boost)  
  176  15:24  Nexus  
  176  15:25  Pylon  
  176  15:27  Disruptor (Chrono Boost)  
  176  15:29  Probe  
  176  15:30  Photon Cannon  
  176  15:32  Pylon  
  176  15:33  Shield Battery  
  181  15:39  Robotics Facility  
  181  15:41  Pylon  
  181  15:47  Zealot x8  
  197  15:59  Stalker  
  197  16:00  Stalker  
  196  16:11  Probe  
  196  16:12  Probe  
  192  16:22  High Templar x2  
  192  16:23  Zealot x3  
  200  16:28  Archon  
  200  16:31  Photon Cannon  
  200  16:33  Photon Cannon  
  200  16:35  Shield Battery  
  200  16:36  Photon Cannon  
  200  16:38  Pylon  
  200  16:41  Stargate, Protoss Ground Armor Level 3 (Chrono Boost), Protoss Ground Weapons Level 3 (Chrono Boost)  
  199  16:49  Protoss Air Weapons Level 1  
  199  16:55  Observer  
  199  17:03  Nexus  
  175  17:19  Disruptor x3  
  187  17:26  Assimilator x2  
  187  17:30  High Templar  
  187  17:31  Photon Cannon, Pylon  
  187  17:33  Pylon  
  189  17:40  Pylon  
  185  17:49  Zealot x3  
  187  17:55  High Templar  
  187  17:57  Disruptor x2  
  196  18:00  Stalker x2  
  200  18:08  Phoenix (Chrono Boost)  
  200  18:25  Zealot x9  
  166  18:41  Stalker  
  154  18:49  Observer  
  154  18:50  Observer  
  154  18:51  High Templar  
  154  18:54  Photon Cannon  
  154  18:55  Photon Cannon  
  158  18:57  Photon Cannon  
  158  18:58  Stargate  
  158  19:01  Zealot x2  
  158  19:02  Zealot x6  
  166  19:07  Zealot  
  160  19:23  Stargate, Probe x2  
  160  19:24  Probe x2  
  164  19:26  Stargate  
  162  19:38  Protoss Shields Level 1  
  157  19:44  Fleet Beacon  
  149  19:48  Stalker x10  
  149  19:50  Probe (Chrono Boost)  
  149  19:52  Probe x2 (Chrono Boost)  
  172  19:55  Photon Cannon  
  172  19:56  Photon Cannon  
  172  19:58  Photon Cannon, Shield Battery  
  168  20:00  Assimilator  
  168  20:01  Shield Battery  
  168  20:04  Assimilator  
  146  20:15  Zealot x4  
  146  20:16  Zealot x6  
  146  20:17  Probe x3  
  146  20:18  Assimilator  
  146  20:20  Assimilator  
  169  20:30  Warp Prism (Chrono Boost)  
  169  20:33  Disruptor x2 (Chrono Boost)  
  169  20:34  Observer  
  169  20:40  Tempest  
  169  20:41  Tempest  
  169  20:42  High Templar x2  
  181  20:45  High Templar  
  173  21:08  Zealot x7  
  149  21:26  Nexus  
  149  21:32  High Templar x2  
  140  21:33  High Templar  
  140  21:38  Stalker x5  
  134  22:08  Stalker x5  
  114  22:23  High Templar x2, Zealot x3  
  124  22:34  Tempest x2  
  132  23:07  Zealot x9  
  138  23:32  Tempest  
  138  23:33  High Templar  
  138  23:34  Nexus, High Templar x2  
  149  23:48  Disruptor  
  149  23:50  Observer  
  149  23:51  Stalker x3  
  152  24:14  Tempest  
  151  24:37  Tempest  
  152  24:44  Observer  
  154  24:55  Disruptor (Chrono Boost)  
  154  24:57  Tempest  
  159  25:03  Tempest  
  164  25:14  Colossus (Chrono Boost)  
  171  25:24  Observer (Chrono Boost)  
  171  25:26  Shield Battery  
  169  25:29  Photon Cannon  
  169  25:34  Tempest  
  161  25:50  Tempest  
  164  26:05  Tempest  
  161  26:25  Tempest x2  
  169  26:36  Zealot x5  
  176  27:12  High Templar  
  176  27:13  Archon, Stalker x5  
  175  27:37  Zealot x4  
  175  27:38  Zealot x2  
  182  28:02  Disruptor  
  184  28:07  Observer  
  173  28:20  Zealot x6  
  173  28:21  Zealot x2  
  181  28:32  High Templar x2  
  185  28:43  Stalker x3